 Dungeon Crawl Stone Soup version 0.31-a0-986-g5e6e4ef867 (webtiles) character file.

Game seed: 5161260635385346916

224 LeprechaunX the Changeling (level 6, -3/41 HPs)
             Began as an Octopode Shapeshifter on Nov 24, 2023.
             Slain by a gnoll
             ... wielding a +0 spear
              (4 damage)
             ... on level 5 of the Dungeon.
             The game lasted 00:03:32 (2873 turns).

LeprechaunX the Changeling (Octopode Shapeshifter)  Turns: 2873, Time: 00:03:33

Health: -3/41      AC:  1    Str: 14    XL:     6   Next: 0%
Magic:  3/7        EV: 13    Int: 12    God:
Gold:   153        SH:  0    Dex: 13    Spells: 5/7 levels left

rFire   . .          .
                       - Unarmed
rCold   . . .        (no shield)
rNeg    . . .        (helmet currently unavailable)
rPois   .            (no amulet)
rElec   .            (no ring)
rCorr   .            (no ring)
SInv    .            (no ring)
Will    .....        (no ring)
Stlth   ++           (no ring)
HPRegen 0.26/turn    (no ring)
MPRegen 0.10/turn    (no ring)
                     (no ring)

%: no passive effects
@: beast-form, wereblooded, very slightly contaminated
A: beast (slay +2), almost no armour, amphibious, 8 rings, camouflage 1,
gelatinous body 1, (nimble swimmer 1), tentacles
a: Begin Untransformation


You were on level 5 of the Dungeon.
You were a hulking beast.
You visited 1 branch of the dungeon, and saw 5 of its levels.

You collected 153 gold pieces.

Inventory:

Hand Weapons
 a - a +2 sling of freezing
 f - a +0 sling
 t - a +0 arbalest
Missiles
 g - 6 javelins
Jewellery
 w - an amulet of reflection
Talismans
 b - a beast talisman
 c - a flux talisman
 s - a maw talisman
Scrolls
 i - a scroll of amnesia {unknown}
 j - 3 scrolls of identify {unknown}
 l - a scroll of teleportation {unknown}
 m - a scroll of fear {unknown}
 n - a scroll of poison {unknown}
 q - a scroll of brand weapon {unknown}
 r - a scroll of immolation {unknown}
 v - a scroll of noise {unknown}
Potions
 d - 2 potions of attraction {unknown}
 e - a potion of resistance {unknown}
 h - a potion of might {unknown}
 k - 2 potions of haste {unknown}
 o - 2 potions of lignification
 p - a potion of mutation {unknown}
 u - a potion of experience {unknown}


   Skills:
 + Level 2.5 Fighting
 + Level 1.6 Throwing
 - Level 2.0 Dodging
 + Level 3.8 Unarmed Combat
 + Level 1.1 Spellcasting
 + Level 1.1 Transmutations
 * Level 4.3 Shapeshifting


You had 5 spell levels left.
You knew the following spells:

 Your Spells              Type           Power      Damage    Failure   Level
a - Wereblood             Tmut           3%         N/A       28%         2

Your spell library contained the following spells:

 Spells                   Type           Power      Damage    Failure   Level
 Sublimation of Blood     Necr           0%         N/A       41%         2
 Summon Hydra             Summ           0%         N/A       100%        7


Dungeon Overview and Level Annotations

Branches:
Dungeon (5/15)
 Temple: D:4-7

Altars:
Elyvilon
Zin
The Shining One


Innate Abilities, Weirdness & Mutations

You are a hulking beast.
Your limbs bulge with bestial killing power. (Slay +2)
You cannot wear most types of armour.
You are amphibious.
You can wear up to eight rings at the same time.
Your skin changes colour to match your surroundings (Stealth+).
Your rubbery body absorbs attacks. (AC +1, EV +1)
((You are camouflaged when in or above water. (Stealth+)))
You have tentacles for arms and can constrict up to eight enemies at once.


Message History

Found 8 stones and a scroll labelled DILEVISTRATU.
Found a stone staircase leading down.
Casting: Wereblood (dangerous; 28% risk of failure)
Confirm with . or Enter, or press ? or * to list all spells.
You miscast Wereblood.
You are very lightly contaminated with residual magic.
Nothing appears to happen.
The gnoll shouts! x3; You hear a shout!
A gnoll comes into view. It is wielding a +0 club.
Casting: Wereblood (dangerous; 28% risk of failure)
Confirm with . or Enter, or press ? or * to list all spells.
Your blood is infused with primal strength.
The gnoll barely misses you. x2
You tentacle-slap the gnoll but do no damage.
Your grab misses the gnoll.
The gnoll hits you from afar with a +0 halberd.
The gnoll misses you. The gnoll barely misses you. x2
You closely miss the gnoll. Your grab misses the gnoll.
The gnoll hits you with a +0 spear. The gnoll hits you with a +0 halberd!
* * * LOW HITPOINT WARNING * * *
The gnoll hits you with a +0 club.
* * * LOW HITPOINT WARNING * * *
Unknown command.
You tentacle-slap the gnoll. You grab the gnoll.
The gnoll is lightly wounded.
You constrict the gnoll. The gnoll closely misses you.
The gnoll hits you with a +0 halberd.
* * * LOW HITPOINT WARNING * * *
The gnoll barely misses you.
Unknown command.
You tentacle-slap the gnoll.
The gnoll is moderately wounded.
You constrict the gnoll. The gnoll closely misses you.
The gnoll barely misses you. The gnoll hits you with a +0 spear.
* * * LOW HITPOINT WARNING * * *
Unknown command.
You tentacle-slap the gnoll but do no damage.
The gnoll is moderately wounded.
You constrict the gnoll. The gnoll hits you with a +0 spear.
You die...

#........#
#........###
#..........#
######...#.#
#.....# #..#..#
.....#..### .
##...#....####...#
###.....ghgg....#
......##.#g...###
..........#.......
.....#........#.##
.....###.>.#..# #
?.### ##.....#
#.....# #. ...


You could see 4 gnolls.

Vanquished Creatures
  2 orc priests
  An orc wizard (D:5)
  5 adders
  A worm (D:2)
  3 dart slugs
  10 orcs
  2 bats
  5 endoplasms
  2 giant cockroaches (D:3)
  7 hobgoblins
  10 kobolds
  5 quokkas
  8 ball pythons
  6 frilled lizards
  6 goblins
  4 rats
77 creatures vanquished.

Notes
Turn   | Place    | Note
-------+----------+-------------------------------------------
     0 | D:1      | LeprechaunX the Octopode Shapeshifter began the quest for
                  | the Orb.
     0 | D:1      | Reached XP level 1. HP: 13/13 MP: 1/1
   237 | D:1      | Reached XP level 2. HP: 18/18 MP: 2/2
   937 | D:2      | Reached XP level 3. HP: 11/23 MP: 3/3
  1166 | D:2      | Reached XP level 4. HP: 29/29 MP: 4/4
  1185 | D:2      | Learned a level 2 spell: Wereblood
  1249 | D:2      | Reached skill level 1 in Throwing
  1664 | D:3      | Reached skill level 4 in Shapeshifting
  1664 | D:3      | Reached XP level 5. HP: 6/34 MP: 4/6
  1898 | D:3      | Found a white marble altar of Elyvilon.
  1898 | D:3      | Found a glowing golden altar of the Shining One.
  1901 | D:3      | Found a glowing silver altar of Zin.
  2753 | D:5      | Entered Level 5 of the Dungeon
  2763 | D:5      | Reached skill level 1 in Spellcasting
  2763 | D:5      | Reached skill level 1 in Transmutations
  2775 | D:5      | Reached XP level 6. HP: 4/41 MP: 7/7
  2871 | D:5      | HP: 2/41 [gnoll/+0 halberd (5)]
  2873 | D:5      | Slain by a gnoll

Illustrated notes

Levels and vault maps discovered:
D:1:      kilobyte_arrival_exit_the_forest, layout_basic, minmay_tetromino_i4
D:2:      layout_basic
D:3:      layout_rooms, dreamdust_divine_triumvirate
D:4:      layout_basic, palyth_stone_intersect
D:5:      layout_basic, enter_ossuary_3

Skill      XL: |  1  2  3  4  5 |
---------------+----------------+-----
Throwing       | 1 |  1.6
Fighting       | 2 |  2.5
Shapeshifting  | 4 |  4.3
Spellcasting   | 1 |  1.1
Transmutations | 1 |  1.1
Dodging        | |  2.0
Unarmed Combat | |  3.8

Action                     |  1- 3 |  4- 6 || total
---------------------------+-------+-------++-------
  Melee: Unarmed           |    55 |    66 ||   121
         Constrict         |    12 |    17 ||    29
         Tentacles         |    11 |    13 ||    24
         Punch             |     1 |     1 ||     2
   Fire: Sling             |       |    42 ||    42
   Cast: Wereblood         |       |     1 ||     1
   Stab: Sleeping          |     7 |     2 ||     9
 Armour: Skin              |    15 |    49 ||    64
  Dodge: Dodged            |    21 |    40 ||    61

Table legend: (Time is in decaauts)
 A = Elapsed time spent in this place.
 B = Non-inter-level travel time spent in this place.
 C = Inter-level travel time spent in this place.
 D = Time resting spent in this place.
 E = Time spent auto-exploring this place.
 F = Levels seen in this place.
 G = Mean time per level.
                   A        B        C        D        E       F      G
               +--------+--------+--------+--------+--------+-----+--------+
         Total |   2878 |   2804 |     74 |    272 |   2042 |   5 |  575.6 |
       Dungeon |   2878 |   2804 |     74 |    272 |   2042 |   5 |  575.6 |
               +--------+--------+--------+--------+--------+-----+--------+

Top non-repeatable levels by time:
     D:1: 898 daAuts
     D:3: 704 daAuts
     D:4: 605 daAuts
     D:2: 546 daAuts
     D:5: 124 daAuts
